 Dungeon Crawl Stone Soup version 0.28.0 (webtiles) character file.

Game seed: 13934549790363253196

3213 pericles the Covert (level 9, -4/35 (42) HPs)
             Began as a Spriggan Enchanter on Feb 20, 2022.
             Was an Initiate of Dithmenos.
             Slain by a wight (5 damage)
             ... on level 8 of the Dungeon.
             The game lasted 01:00:53 (11560 turns).

pericles the Covert (Spriggan Enchanter)           Turns: 11560, Time: 01:00:54

HP:   -4/35 (42)    AC:  5    Str:  4    XL:     9   Next: 65%
MP:   20/22         EV: 18    Int: 19    God:    Dithmenos [......]
Gold: 414           SH:  0    Dex: 17    Spells: 9/24 levels left

rFire   . . .      SeeInvis +   a - +2 dagger (venom)
rCold   . . .      Faith    .   (no shield)
rNeg    . . .      Spirit   .   b - +0 robe
rPois   .          Reflect  .   (helmet restricted)
rElec   .          Harm     .   g - +2 cloak
rCorr   .          Rampage  .   (gloves unavailable)
Will    +....                   (boots unavailable)
Stlth   +++++.....              s - amulet of the acrobat
HPRegen 0.11/turn               x - ring of wizardry
MPRegen 0.18/turn               C - +4 ring of slaying

@: confusing by touch, heavily drained, very quick
A: very small, no large weapons, unfitting armour, see invisible, speed 3
a: Renounce Religion


You were on level 8 of the Dungeon.
You worshipped Dithmenos.
Dithmenos was noncommittal.
You visited 2 branches of the dungeon, and saw 10 of its levels.

You collected 483 gold pieces.
You spent 69 gold pieces at shops.

Inventory:

Hand Weapons
 a - a +2 dagger of venom (weapon)
 h - a +1 whip of venom
 q - a +0 hand axe of pain
 w - a +0 rapier
 F - a +0 dagger of venom
Missiles
 k - 139 stones (quivered)
 l - 7 poisoned darts
Armour
 b - a +0 robe (worn)
 g - a +2 cloak (worn)
Magical Staves
 A - a staff of conjuration
 B - a staff of air
Jewellery
 s - an amulet of the acrobat (around neck)
 x - a ring of wizardry (left hand)
 C - a +4 ring of slaying (right hand)
 E - a ring of fire
 G - an amulet of the acrobat
 I - an amulet of regeneration
Wands
 u - a wand of iceblast (13)
 J - a wand of polymorph (4)
Scrolls
 m - a scroll of torment
 n - a scroll of noise {unknown}
 p - a scroll of vulnerability {unknown}
 r - 3 scrolls of teleportation
 t - a scroll of brand weapon
 v - a scroll of magic mapping {unknown}
 y - 2 scrolls of fog {unknown}
Potions
 c - a potion of invisibility
 d - 4 potions of brilliance
 e - a potion of mutation {unknown}
 f - 2 potions of cancellation {unknown}
 i - a potion of resistance {unknown}
 j - a potion of attraction {unknown}
 o - 4 potions of curing
 z - a potion of degeneration {unknown}
 D - a potion of heal wounds {unknown}
 H - a potion of might {unknown}


   Skills:
 + Level 1.9 Fighting
 + Level 4.6 Short Blades
 + Level 0.3 Throwing
 + Level 4.1 Dodging
 + Level 12.0 Stealth
 + Level 8.1 Spellcasting
 + Level 0.2 Conjurations
 + Level 8.6 Hexes
 + Level 3.1 Ice Magic


You had 9 spell levels left.
You knew the following spells:

 Your Spells              Type           Power      Damage    Failure   Level
a - Ensorcelled Hibernat  Hex/Ice        60%        N/A       1%          2
b - Confusing Touch       Hex            40%        N/A       1%          3
c - Tukima's Dance        Hex            40%        N/A       1%          3
d - Dazzling Flash        Conj/Hex       48%        N/A       1%          3
e - Cause Fear            Hex            20%        N/A       1%          4

Your spell library contained the following spells:

 Spells                   Type           Power      Damage    Failure   Level
 Inner Flame              Hex/Fire       24%        N/A       1%          3
 Corpse Rot               Necr/Air       14%        N/A       6%          2
 Poisonous Vapours        Pois/Air       14%        N/A       6%          2
 Sublimation of Blood     Necr           7%         N/A       6%          2
 Wereblood                Tmut           7%         N/A       6%          2
 Leda's Liquefaction      Hex/Erth       12%        N/A       6%          4
 Metabolic Englaciation   Hex/Ice        15%        N/A       9%          5
 Silence                  Hex/Air        12%        N/A       16%         5
 Petrify                  Tmut/Erth      7%         N/A       32%         4
 Agony                    Necr           7%         N/A       65%         5
 Lee's Rapid Deconstruct  Erth           3%         3d6*      65%         5
 Statue Form              Tmut/Erth      4%         N/A       99%         6
 Discord                  Hex            20%        N/A       99%         8
 Summon Hydra             Summ           3%         N/A       100%        7


Dungeon Overview and Level Annotations

Branches:
Dungeon (9/15)             Temple (1/1) D:6            Lair (0/6) D:9
    Orc: D:9-12

Altars:
Ashenzari
Cheibriados
Dithmenos
Elyvilon
Fedhas
Gozag
Hepliaklqana
Kikubaaqudgha
Makhleb
Nemelex Xobeh
Okawaru
Qazlal
Ru
Sif Muna
Trog
Uskayaw
Vehumet
Wu Jian
Xom
Yredelemnul
Zin
The Shining One

Shops:
D:3 *   D:8 ?

Annotations:
D:3 1 runed translucent door, SteelSquire's ghost, amateur HOFi
D:7 1 runed translucent door, khadrin's ghost, novice HOFi
D:9 Maggie


Innate Abilities, Weirdness & Mutations

You are very small and have problems with some larger weapons.
You are too small for most types of armour.
You have supernaturally acute eyesight. (SInv)
You cover ground extremely quickly. (Speed+++)


Message History

The wight misses you.
You hit the wight.
The wight is lightly damaged.
You hit the wight but do no damage.
The wight is lightly damaged.
You hit the wight but do no damage.
The wight is lightly damaged.
You barely miss the wight.
The wight is lightly damaged.
The wight misses you.
You hit the wight but do no damage.
The wight is lightly damaged.
The wight completely misses you.
You barely miss the wight.
The wight is lightly damaged.
The wight hits you with a +0 halberd!
* * * LOW HITPOINT WARNING * * *
You feel drained.
* * * LOW HITPOINT WARNING * * *
You start resting.
A wight is nearby!
You feel better.
Casting: Confusing Touch (safe; 1% risk of failure)
Confirm with . or Enter, or press ? or * to list all spells.
Your hands begin to glow red.
Throw: 140 stones
Press: ? - help, Q - select action, (/) - cycle Shift-Dir - straight line, f/p - wight
Aim: a wight, wielding a +0 halberd and wearing a +0 robe (lightly damaged, confused, chance to confuse on hit: 66%, 81% to hit)
You throw a stone. The stone barely misses the wight.
You hit the wight but do no damage. You punch the wight.
The wight is moderately damaged.
You hit the wight but do no damage.
The wight is moderately damaged.
The wight seems less confused.
The wight misses you.
You completely miss the wight.
The wight is moderately damaged.
The wight hits you with a +0 halberd!
* * * LOW HITPOINT WARNING * * *
You feel drained.
You die...

....... ####
#####.########
#########.##......
#..........#.#####
#.####.....#.# #.#
#.....#.# #.#
#.....#.# #.#
#.....#.##### #@#
#.....#.#....
########z#
#...o.#.#....
#(.z....(#
####.##.#....
#.########
#h##.#.... #.#
######h.....o..
#.#
#....#....#....
#>#
#....#....#h...
#.#
#....'....#....
#.#
###.##...##....


You could see a wight.

Vanquished Creatures
  Prince Ribbit (D:9)
  A hornet (D:8)
  2 yaks (D:8)
  3 water moccasins
  3 orc warriors
  A necrophage (D:5)
  2 ice beasts
  A sky beast (D:8)
  2 ogres (D:6)
  A phantom (D:5)
  A scorpion (D:7)
  A water moccasin zombie (D:6)
  10 wights
  2 howler monkeys (D:8)
  A centaur zombie (D:7)
  A bullfrog zombie (D:5)
  3 hounds
  3 jellies
  2 orc priests
  A bullfrog skeleton (D:6)
  Jessica (D:2)
  4 iguanas
  2 orc wizards (D:6)
  3 hound skeletons
  7 adders
  A shadow imp (D:6)
  A white imp (D:7)
  An ufetubus (D:7)
  4 worms
  24 orcs
  12 endoplasms
  5 goblins
  4 hobgoblins
  4 jackals
  6 kobolds
  3 quokkas
  9 ball pythons
  4 bats
  3 frilled lizards
  5 rats
145 creatures vanquished.

Notes
Turn   | Place    | Note
-------+----------+-------------------------------------------
     0 | D:1      | pericles the Spriggan Enchanter began the quest for the
                  | Orb.
     0 | D:1      | Reached XP level 1. HP: 9/9 MP: 5/5
   758 | D:1      | Reached XP level 2. HP: 13/13 MP: 6/6
   761 | D:1      | Learned a level 2 spell: Ensorcelled Hibernation
  1645 | D:1      | Found a faded altar of an unknown god.
  1677 | D:2      | Reached skill level 5 in Stealth
  1795 | D:1      | Reached XP level 3. HP: 16/16 MP: 3/8
  2502 | D:2      | Noticed Jessica
  2537 | D:2      | Killed Jessica
  2538 | D:2      | Reached XP level 4. HP: 21/21 MP: 9/9
  2822 | D:3      | Found Waeg's Assorted Antiques.
  2842 | D:3      | Bought a scroll labelled TAGGIZ HUTSU for 24 gold pieces
  2899 | D:3      | Noticed SteelSquire's ghost (amateur HOFi)
  3184 | D:3      | Found a runed translucent door.
  3503 | D:3      | Learned a level 3 spell: Confusing Touch
  3667 | D:3      | Reached skill level 6 in Stealth
  4350 | D:4      | Noticed an ogre
  4479 | D:4      | Reached skill level 1 in Ice Magic
  4570 | D:4      | Reached XP level 5. HP: 22/25 MP: 3/11
  5196 | D:4      | Reached skill level 1 in Fighting
  5241 | D:5      | Entered Level 5 of the Dungeon
  5440 | D:5      | Reached XP level 6. HP: 30/30 MP: 13/13
  5480 | D:5      | Reached skill level 7 in Stealth
  5588 | D:5      | Reached skill level 5 in Hexes
  5787 | D:5      | Noticed a hornet
  5893 | D:5      | You fall into a shaft and drop 1 floor!
  6305 | D:7      | Reached XP level 7. HP: 33/33 MP: 9/15
  6381 | D:8      | Noticed a hornet
  6381 | D:8      | Found Gadohi's Magic Scroll Shoppe.
  6480 | D:7      | Found a runed translucent door.
  6485 | D:7      | Noticed khadrin's ghost (novice HOFi)
  6485 | D:7      | Noticed a two-headed ogre
  6555 | D:7      | Reached skill level 8 in Stealth
  6808 | D:7      | Reached skill level 5 in Spellcasting
  7426 | D:6      | Reached skill level 9 in Stealth
  7434 | D:6      | Reached XP level 8. HP: 25/37 MP: 4/17
  7803 | D:5      | Reached skill level 10 in Stealth
  8545 | D:6      | Learned a level 3 spell: Tukima's Dance
  8549 | D:6      | Learned a level 3 spell: Dazzling Flash
  8782 | D:6      | Found a staircase to the Ecumenical Temple.
  8809 | D:6      | Reached skill level 11 in Stealth
  8877 | Temple   | Entered the Ecumenical Temple
  9486 | Temple   | Became a worshipper of Ru the Awakened
 10079 | D:8      | Reached XP level 9. HP: 41/41 MP: 17/20
 10485 | D:8      | Bought a scroll of teleportation for 45 gold pieces
 10589 | D:9      | Found a staircase to the Lair.
 10608 | D:9      | Learned a level 4 spell: Cause Fear
 10608 | D:9      | Noticed Prince Ribbit
 10613 | D:9      | Killed Prince Ribbit
 10642 | D:9      | Found a shadowy altar of Dithmenos.
 10649 | D:9      | Fell from the grace of Ru
 10649 | D:9      | Became a worshipper of Dithmenos the Shadowed
 10763 | D:9      | Noticed Maggie
 10856 | D:8      | Reached skill level 12 in Stealth
 11540 | D:8      | HP: 1/37 [wight (2)]
 11560 | D:8      | HP: 1/37 [wight (12)]
 11560 | D:8      | Slain by a wight

Illustrated notes

Levels and vault maps discovered:
D:1:      saegor_arrival_simple_b, layout_loops_ring,
          shapermc_ecumenical_altar_mp_vishouse
D:2:      layout_basic, uniq_jessica
D:3:      layout_loops_ring, serial_shops, shop, hellmonk_ghost_happy_afterlife,
          minmay_circle_x
D:4:      layout_loops_ring, kennysheep_generic_room_3
D:5:      layout_loops_ring
D:6:      layout_loops_ring, minmay_temple_entry_mini_moons
D:7:      layout_loops_corners, ebering_ghost_inner_flame,
          minmay_misc_feat_ornament
D:8:      layout_basic, serial_shops, nicolae_stop_n_shop_1
D:9:      layout_basic, old_standard_altar, dpeg_oklobed_lair, uniq_maggie,
          uniq_prince_ribbit1
Temple:   mainiacjoe_temple_starburst

Skill      XL: |  1  2  3  4  5  6  7  8  9 |
---------------+----------------------------+-----
Spellcasting   | 3 4 5 6 8 |  8.1
Hexes          | 4 5 6 7 8 |  8.6
Stealth        | 5 6 7 9 11 12 | 12.0
Dodging        | 3 4 |  4.1
Ice Magic      | 1 2 3 |  3.1
Short Blades   | 2 3 4 |  4.6
Fighting       | 1 |  1.9
Throwing       | |  0.3
Conjurations   | |  0.2

Action                   |  1- 3 |  4- 6 |  7- 9 || total
-------------------------+-------+-------+-------++-------
Melee: Dagger            |    99 |   159 |   239 ||   497
       Punch             |     3 |       |     5 ||     8
Throw: Stone             |       |    11 |     9 ||    20
 Cast: Ensorcelled Hiber |    18 |    45 |    49 ||   112
       Confusing Touch   |       |    11 |    36 ||    47
       Dazzling Flash    |       |       |     7 ||     7
  Use: Scroll            |       |     4 |     2 ||     6
       Potion            |       |       |     3 ||     3
 Stab: Sleeping          |    19 |    37 |    28 ||    84
       Distracted        |     1 |       |       ||     1
       Confused          |       |     8 |    24 ||    32
       Invisible         |       |       |     2 ||     2
Armor: Robe              |    14 |    10 |    14 ||    38
Dodge: Dodged            |    74 |    73 |   122 ||   269
